 Dungeon Crawl Stone Soup version 0.32-a0-314-g526f7d4993 (webtiles) character file.

Game seed: 7012019383602218324

159 Kenran the Cudgeller (level 5, 0/38 HPs)
             Began as a Mountain Dwarf Ice Elementalist on Feb 16, 2024.
             Slain by Crazy Yiuf
             ... wielding a +4 quarterstaff of chaos
              (6 damage)
             ... on level 3 of the Dungeon.
             The game lasted 00:04:58 (3215 turns).

Kenran the Cudgeller (MDIE)                         Turns: 3215, Time: 00:04:59

Health: 0/38       AC:  7    Str: 13    XL:     5   Next: 17%
Magic:  4/7        EV:  9    Int: 21    God:
Gold:   68         SH:  0    Dex: 10    Spells: 6/7 levels left

rFire   + . .        k - +0 whip
rCold   + . .        (no shield)
rNeg    . . .        i - +0 scale mail
rPois   .            (no helmet)
rElec   .            c - scarf of Daju {rC+ rF+, Slay+2}
rCorr   .            (no gloves)
SInv    .            p - +0 pair of boots
Will    .....        (no amulet) Stlth
                     j - +6 ring of intelligence
HPRegen 0.26/turn    (no ring)
MPRegen 0.10/turn

%: no passive effects
@: mighty
A: runic magic, artefact enchanting
a: no special abilities


You were on level 3 of the Dungeon.
You visited 1 branch of the dungeon, and saw 3 of its levels.

You collected 156 gold pieces.
You spent 88 gold pieces at shops.

Inventory:

Hand Weapons
 k - a +0 whip (weapon)
Armour
 c - the scarf of Daju (worn) {rC+ rF+, Slay+2}
   (You acquired it on level 1 of the Dungeon)

   Slay+2:    It affects your accuracy & damage with ranged weapons and melee
   (+2).
 d - a +0 plate armour
 i - a +0 scale mail (worn)
 p - a +0 pair of boots (worn)
Jewellery
 j - a +6 ring of intelligence (left hand)
Wands
 o - a wand of flame (30)
Scrolls
 f - a scroll of vulnerability {!r}
 g - a scroll of identify {@r1}
 h - 2 scrolls of fear
 l - a scroll of enchant armour
 n - a scroll of noise {unknown}
Potions
 b - a potion of magic
 e - a potion of ambrosia
 m - a potion of cancellation {unknown}
 q - a potion of curing {unknown}
 r - a potion of resistance {unknown}


   Skills:
 + Level 6.0 Maces & Flails
 - Level 1.3 Dodging
 - Level 1.4 Stealth
 - Level 1.7 Spellcasting
 - Level 3.6 Ice Magic


You had 6 spell levels left.
You knew the following spells:

 Your Spells              Type           Power      Damage    Failure   Level
a - Freeze                Ice            64%        1d7       4%          1

Your spell library contained the following spells:

 Spells                   Type           Power      Damage    Failure   Level
 Frozen Ramparts          Ice            32%        1d5       16%         3
 Ozocubu's Armour         Ice            16%        N/A       16%         3
 Kiss of Death            Conj/Necr      4%         2d5       22%         1
 Call Imp                 Summ           2%         N/A       32%         2
 Sublimation of Blood     Necr           1%         N/A       32%         2
 Summon Ice Beast         Ice/Summ       9%         N/A       32%         3
 Confusing Touch          Hex            1%         N/A       54%         3
 Dispel Undead            Necr           1%         3d6       91%         4
 Summon Hydra             Summ           0%         N/A       100%        7


Dungeon Overview and Level Annotations

Branches:
Dungeon (3/15)

Altars:
Lugonu

Shops:
D:1 ?

Portals:
Abyss: D:1

Annotations:
D:1 2 runed translucent doors
D:3 Crazy Yiuf


Innate Abilities, Weirdness & Mutations

Your spellcasting is much less encumbered by armour.
You can use scrolls of enchantment on lesser artefacts.


Message History

Press: ? - help, v - describe, . - travel
Here: Crazy Yiuf, wielding a +4 quarterstaff of chaos and wearing a +0 cloak of poison resistance (fire blocked by a runed translucent door)
The floor.
Unknown command.
Okay, then.
Okay, then.
You feel very mighty all of a sudden.
You open the door.
Casting: Freeze (safe; 4% risk of failure)
Confirm with . or Enter, or press ? or * to list all spells.
Aiming: Freeze (safe; 4% risk of failure)
Press: ? - help, Shift-Dir - straight line, f - Crazy Yiuf
Aim: Crazy Yiuf, wielding a +4 quarterstaff of chaos and wearing a +0 cloak of poison resistance You freeze Crazy Yiuf.
Crazy Yiuf is lightly wounded.
Crazy Yiuf hits you with a +4 quarterstaff of chaos.
Casting: Freeze (safe; 4% risk of failure)
Confirm with . or Enter, or press ? or * to list all spells.
Aiming: Freeze (safe; 4% risk of failure)
Press: ? - help, Shift-Dir - straight line, f/p - Crazy Yiuf
Aim: Crazy Yiuf, wielding a +4 quarterstaff of chaos and wearing a +0 cloak of poison resistance (lightly wounded)
You freeze Crazy Yiuf.
Crazy Yiuf is heavily wounded.
Crazy Yiuf hits you with a +4 quarterstaff of chaos!
You are electrocuted!
Casting: Freeze (safe; 4% risk of failure)
Confirm with . or Enter, or press ? or * to list all spells.
Aiming: Freeze (safe; 4% risk of failure)
Press: ? - help, Shift-Dir - straight line, f/p - Crazy Yiuf
Aim: Crazy Yiuf, wielding a +4 quarterstaff of chaos and wearing a +0 cloak of poison resistance (heavily wounded)
You freeze Crazy Yiuf!
Crazy Yiuf is almost dead.
Crazy Yiuf hits you with a +4 quarterstaff of chaos.
* * * LOW HITPOINT WARNING * * *
Crazy Yiuf freezes you.
* * * LOW HITPOINT WARNING * * *
You hit Crazy Yiuf.
Crazy Yiuf is almost dead.
Crazy Yiuf hits you with a +4 quarterstaff of chaos.
You die... ............>....'.........+..... .########.############.....####.. .# #.# #....## ##. .# #.# ≣≣≣≣≣ #...## ## .# #.# ≣)..≣ #..## .# #.# ≣...≣ #'## .# #.# ... #.# .# #.# ≣g≣

#.# #######
.# #.# ♣@♣♣
#.###.....#
.# #.## ♣♣.♣
#..##.....##
.# #..# ♣.♣♣
#...#.......
.# #### ♣♣.♣
#..##.....##
.# ♣♣.♣♣
#.........#
## ♣♣.P.♣
#.#########
♣PP.P♣ #.#
#....# #.#
##..## #.#


You could see Crazy Yiuf.

Vanquished Creatures
  Ijyb (D:3)
  4 adders
  A dart slug (D:2)
  3 orcs (D:3)
  4 ball pythons
  5 endoplasms
  3 giant cockroaches
  4 goblins (D:3)
  6 hobgoblins
  9 kobolds
  A quokka (D:1)
  3 bats
  2 frilled lizards (D:1)
  10 rats
56 creatures vanquished.

Notes
Turn   | Place    | Note
-------+----------+-------------------------------------------
     0 | D:1      | Kenran the Mountain Dwarf Ice Elementalist began the quest
                  | for the Orb.
     0 | D:1      | Reached XP level 1. HP: 14/14 MP: 3/3
    50 | D:1      | Reached skill level 1 in Maces & Flails
   152 | D:1      | Found a large runed translucent door.
   152 | D:1      | Found a large runed translucent door.
   153 | D:1      | Noticed an iron imp
   202 | D:1      | Found a one-way gate to the infinite horrors of the Abyss.
   202 | D:1      | Found a corrupted altar of Lugonu.
   202 | D:1      | Noticed a crimson imp
   202 | D:1      | Noticed an iron imp
   202 | D:1      | Noticed a quasit
   203 | D:1      | Noticed an iron imp
   203 | D:1      | Noticed a crimson imp
   204 | D:1      | Noticed an iron imp
   208 | D:1      | Noticed a crimson imp
   208 | D:1      | Noticed a quasit
   240 | D:1      | Reached skill level 2 in Maces & Flails
   240 | D:1      | Reached XP level 2. HP: 20/20 MP: 4/4
   434 | D:1      | Identified a scroll of acquirement
   434 | D:1      | Acquired the scarf of Daju {rC+ rF+, Slay+2}
   438 | D:1      | Reached skill level 3 in Maces & Flails
   685 | D:1      | Reached XP level 3. HP: 25/26 MP: 3/5
   857 | D:1      | Found Xohogg's Magic Scroll Shoppe.
   880 | D:1      | Bought a scroll of identify for 22 gold pieces
   880 | D:1      | Bought a scroll of fear for 44 gold pieces
   880 | D:1      | Bought a scroll of identify for 22 gold pieces
  1526 | D:2      | Reached skill level 4 in Maces & Flails
  1621 | D:2      | Reached XP level 4. HP: 30/33 MP: 4/6
  2114 | D:3      | Found a runed translucent door.
  2115 | D:3      | Noticed Crazy Yiuf
  2148 | D:3      | Reached skill level 5 in Maces & Flails
  2610 | D:3      | Noticed Ijyb
  2617 | D:3      | Killed Ijyb
  2618 | D:3      | Reached XP level 5. HP: 28/38 MP: 2/7
  2726 | D:3      | Reached skill level 6 in Maces & Flails
  3215 | D:3      | Slain by Crazy Yiuf

Illustrated notes

Levels and vault maps discovered:
D:1:      erik_arrival_cave_to_civilisation [erik_arrival_cave_to_temple],
          layout_basic, serial_shops, shop_coins, st_stairs_9
D:2:      layout_loops_cross, minmay_tromino_v7
D:3:      layout_loops_corners, uniq_ijyb, uniq_crazy_yiuf_cottage

Skill      XL: |  1  2  3  4  5 |
---------------+----------------+-----
Maces & Flails | 2 3 4 5 6 |  6.0
Dodging        | |  1.3
Stealth        | |  1.4
Spellcasting   | |  1.7
Ice Magic      | |  3.6

Action                     |  1- 3 |  4- 6 || total
---------------------------+-------+-------++-------
  Melee: Club              |   113 |       ||   113
         Whip              |    17 |    51 ||    68
   Cast: Freeze            |     7 |    11 ||    18
    Use: Scroll            |     3 |     2 ||     5
         Potion            |     1 |     1 ||     2
 Armour: Robe              |    69 |       ||    69
         Scale mail        |    19 |    32 ||    51
  Dodge: Dodged            |    72 |    18 ||    90

Table legend: (Time is in decaauts)
 A = Elapsed time spent in this place.
 B = Non-inter-level travel time spent in this place.
 C = Inter-level travel time spent in this place.
 D = Time resting spent in this place.
 E = Time spent auto-exploring this place.
 F = Levels seen in this place.
 G = Mean time per level.
                   A        B        C        D        E       F      G
               +--------+--------+--------+--------+--------+-----+--------+
         Total |   3220 |   3121 |     99 |    411 |   2118 |   3 | 1073.3 |
       Dungeon |   3220 |   3121 |     99 |    411 |   2118 |   3 | 1073.3 |
               +--------+--------+--------+--------+--------+-----+--------+

Top non-repeatable levels by time:
     D:1: 1491 daAuts
     D:3: 1104 daAuts
     D:2: 624 daAuts
